 Dungeon Crawl Stone Soup version 0.31-a0-175-g9f7f995f2b (webtiles) character file.

Game seed: 4728092154489957315

2 Moral the Gusty (level 1, -2/16 HPs)
             Began as an Ogre Air Elementalist on June 17, 2023.
             Slain by a quokka (3 damage)
             ... on level 1 of the Dungeon.
             The game lasted 00:00:53 (122 turns).

Moral the Gusty (Ogre Air Elementalist)              Turns: 122, Time: 00:00:54

Health: -2/16      AC:  1    Str: 11    XL:     1   Next: 30%
Magic:  0/3        EV:  9    Int: 16    God:
Gold:   5          SH:  0    Dex:  9    Spells: 3/4 levels left

rFire   . . .        c - +0 club
rCold   . . .        (no shield)
rNeg    . . .        (body armour restricted)
rPois   .            (helmet restricted)
rElec   .            (no cloak)
rCorr   .            (gloves unavailable)
SInv    .            (boots unavailable)
Will    .....        (no amulet)
Stlth   +            (no ring)
HPRegen 0.22/turn    (no ring)
MPRegen 0.08/turn

%: no passive effects
@: no status effects
A: large, unfitting armour, tough skin 1
a: no special abilities


You were on level 1 of the Dungeon.
You visited 1 branch of the dungeon, and saw 1 of its levels.

You collected 5 gold pieces.

Inventory:

Hand Weapons
 c - a +0 club (weapon)
Armour
 a - a +0 robe
Potions
 b - a potion of magic
 d - a potion of cancellation {unknown}


   Skills:
 + Level 0.0 Fighting
 - Level 1.8 Dodging
 - Level 1.4 Stealth
 * Level 2.4 Spellcasting
 + Level 0.9 Conjurations
 + Level 2.7 Air Magic


You had 3 spell levels left.
You knew the following spells:

 Your Spells              Type           Power      Damage    Failure   Level
a - Shock                 Conj/Air       28%        1d4       10%         1

Your spell library contained the following spells:

 Spells                   Type           Power      Damage    Failure   Level
 Static Discharge         Conj/Air       14%        2-3/arc   14%         2
 Swiftness                Air            10%        N/A       19%         3
 Airstrike                Air            5%         2d(1-17)  54%         4


Dungeon Overview and Level Annotations

Branches:
Dungeon (1/15)

Altars:


Innate Abilities, Weirdness & Mutations

You are too large for most types of armour.
You have tough skin. (AC +1)


Message History

Casting: Shock (safe; 10% risk of failure)
Confirm with . or Enter, or press ? or * to list all spells.
Aiming: Shock (safe; 10% risk of failure)
Press: ? - help, Shift-Dir - straight line The zap hits the quokka.
The quokka is severely wounded.
The rat bites you.
* * * LOW HITPOINT WARNING * * *
The quokka bites you.
* * * LOW HITPOINT WARNING * * *
Casting: Shock (safe; 10% risk of failure)
Confirm with . or Enter, or press ? or * to list all spells.
Aiming: Shock (safe; 10% risk of failure)
Press: ? - help, Shift-Dir - straight line The zap misses the quokka.
The quokka barely misses you. The rat bites you but does no damage.
The quokka barely misses you.
Unknown command.
Casting: Shock (safe; 10% risk of failure)
Confirm with . or Enter, or press ? or * to list all spells.
Aiming: Shock (safe; 10% risk of failure)
Press: ? - help, Shift-Dir - straight line The zap misses the quokka.
The rat barely misses you. The quokka bites you.
* * * LOW HITPOINT WARNING * * *
Casting: Shock (safe; 10% risk of failure)
Confirm with . or Enter, or press ? or * to list all spells.
You don't have enough magic to cast this spell.
Unknown command.
You hit the quokka but do no damage.
The quokka is severely wounded.
The rat bites you but does no damage. The quokka barely misses you.
The rat barely misses you.
You hit the quokka.
The quokka is almost dead.
The quokka bites you but does no damage.
The rat bites you but does no damage. The quokka bites you.
* * * LOW HITPOINT WARNING * * *
You closely miss the quokka.
The quokka is almost dead.
The quokka bites you.
You die...

#.##.##.# .. #.##.##.#
#. #.##..#.# #..
#.###.#.## #...
#........#####
##...######.###.##.##...
............# #.##.##...
......r.....# #.##.....†
......r@...## #.#####...
##...####### ##.## #...
#.. #...# #### ##..#
####.### ####......#
###>......#.#
...>.##.#..#.#
##.###.##.#.....


You could see a quokka and a rat.

Vanquished Creatures
  A goblin (D:1)
  A frilled lizard (D:1)
2 creatures vanquished.

Notes
Turn   | Place    | Note
-------+----------+-------------------------------------------
     0 | D:1      | Moral the Ogre Air Elementalist began the quest for the
                  | Orb.
     0 | D:1      | Reached XP level 1. HP: 16/16 MP: 3/3
   122 | D:1      | Slain by a quokka

Illustrated notes

Levels and vault maps discovered:
D:1:      minmay_arrival_three_doors, layout_loops_cross, serial_shops,
          nicolae_shop_gaudy_bauble, item_on_display_a

Action                     || total
---------------------------++-------
  Melee: Club              ||    11
         Unarmed           ||     5
   Cast: Shock             ||     5
 Armour: Skin              ||     5
  Dodge: Dodged            ||    14

Table legend: (Time is in decaauts)
 A = Elapsed time spent in this place.
 B = Non-inter-level travel time spent in this place.
 C = Inter-level travel time spent in this place.
 D = Time resting spent in this place.
 E = Time spent auto-exploring this place.
 F = Levels seen in this place.
 G = Mean time per level.
                   A        B        C        D        E       F      G
               +--------+--------+--------+--------+--------+-----+--------+
         Total |    124 |    124 |      0 |      0 |     77 |   1 |  124.0 |
       Dungeon |    124 |    124 |      0 |      0 |     77 |   1 |  124.0 |
               +--------+--------+--------+--------+--------+-----+--------+

Top non-repeatable levels by time:
     D:1: 124 daAuts
